 Dungeon Crawl Stone Soup version 0.22.1-2-g9c5b331 (webtiles) character file.

29531 Monzz the Severer (level 13, -4/119 HPs)
             Began as a Hill Orc Monk on Jan 2, 2019.
             Was the Champion of Beogh.
             Slain by an eight-headed hydra (7 damage)
             ... on level 13 of the Dungeon.
             The game lasted 01:44:51 (17014 turns).

Monzz the Severer (Hill Orc Monk)                  Turns: 17014, Time: 01:44:52

Health: -4/119     AC: 26    Str: 23    XL:     13   Next: 45%
Magic:  15/15      EV: 10    Int: 10    God:    Beogh [******]
Gold:   1030       SH:  0    Dex: 13    Spells: 12/12 levels left

rFire    + + +     SeeInvis +   C - +2 war axe (flame)
rCold    + . .     Gourm    +   (no shield)
rNeg     . . .     Faith    .   l - +4 plate armour
rPois    +         Spirit   .   N - +0 helmet
rElec    +         Reflect  .   H - scarf {rC+ rF+}
rCorr    .         Harm     .   L - +0 pair of gloves
MR       .....     Clarity  +   j - +2 pair of boots
Stlth    ..........             S - amulet of Fajoexeshoa {Gourm *Slow rElec rF++ SInv}
HPRegen  0.29/turn              g - +4 ring of strength
MPRegen  0.14/turn              t - ring of poison resistance

@: about to teleport, slowed, very slow
A: walk on water, clarity, screaming 1, wild magic 1
a: Smiting, Recall Orcish Followers, Give Item to Named Follower, Resurrection,
Renounce Religion


You were on level 13 of the Dungeon.
You worshipped Beogh.
Beogh was exalted by your worship.
You were completely stuffed.

You visited 2 branches of the dungeon, and saw 18 of its levels.
You also visited: Sewer and Bailey.

You collected 1030 gold pieces.

Inventory:

Hand Weapons
 m - a +4 flail of draining
 B - a +2 dire flail
 C - a +2 war axe of flaming (weapon)
 D - a +4 flail
 F - a +3 war axe of freezing
Missiles
 s - 14 tomahawks
 u - 501 stones (quivered)
Armour
 j - a +2 pair of boots (worn)
 l - a +4 plate armour (worn)
 y - a +0 cloak
 H - a scarf of resistance (worn)
 L - a +0 pair of gloves (worn)
 N - a +0 helmet (worn)
Jewellery
 a - an uncursed ring of stealth
 g - a +4 ring of strength (left hand)
 t - a ring of poison resistance (right hand)
 v - an uncursed ring of protection from magic
 M - an uncursed ring of see invisible
 R - a +3 ring of dexterity
 S - the amulet of Fajoexeshoa (around neck) {Gourm *Slow rElec rF++ SInv}
   (You found it on level 5 of the Lair of Beasts)

   [amulet of the gourmand]

   It allows you to eat raw meat even when not hungry.
   It greatly protects you from fire.
   It insulates you from electricity.
   It lets you see invisible.
   It may slow you when you take damage.
 Z - an uncursed ring of resist corrosion
Wands
 d - a wand of digging (26)
 w - a wand of enslavement (18)
 I - a wand of iceblast (9)
 K - a wand of clouds (3)
 O - a wand of disintegration (13)
 W - a wand of flame (64)
Scrolls
 b - 4 scrolls of identify
 h - 8 scrolls of fog
 k - 9 scrolls of teleportation
 p - 6 scrolls of remove curse
 q - 2 scrolls of magic mapping
 z - a scroll of enchant weapon
 E - a scroll of holy word
 G - a scroll of amnesia
Potions
 e - 3 potions of curing
 f - 5 potions of brilliance
 i - 2 potions of haste
 n - 7 potions of lignification
 r - 2 potions of might
 x - 4 potions of magic
 J - 2 potions of resistance
 T - a potion of agility
 V - a potion of ambrosia
 Y - a potion of cancellation
Comestibles
 c - 40 rations


   Skills:
 * Level 12.6 Fighting
 + Level 16.2(16.3) Axes
 - Level 2.0(9.5) Maces & Flails
 * Level 13.4 Armour
 + Level 5.9 Dodging
 + Level 3.6 Stealth
 * Level 3.1 Invocations
 + Level 3.2 Evocations


You had 12 spell levels left.
You didn't know any spells.
Your spell library contained the following spells:

 Spells                   Type           Power        Failure   Level  Hunger
 Animate Skeleton         Necr           N/A          99%         1    ##.....
 Apportation              Tloc           #.....       99%         1    ##.....
 Confusing Touch          Hex            #.....       99%         1    ##.....
 Corona                   Hex            #......      99%         1    ##.....
 Flame Tongue             Conj/Fire      #....        99%         1    ##.....
 Summon Small Mammal      Summ           #...         99%         1    ##.....
 Corpse Rot               Necr           N/A          100%        2    ###....
 Ensorcelled Hibernation  Hex/Ice        #.....       100%        2    ###....
 Sublimation of Blood     Necr           #.........   100%        2    ###....
 Throw Flame              Conj/Fire      #.....       100%        2    ###....
 Confuse                  Hex            #.......     100%        3    ####...
 Conjure Flame            Conj/Fire      #.......     100%        3    ####...
 Dazzling Spray           Conj/Hex       #.....       100%        3    ####...
 Inner Flame              Hex/Fire       #.......     100%        3    ####...
 Tukima's Dance           Hex            #.......     100%        3    ####...
 Sticky Flame             Conj/Fire      #.......     100%        4    #####..
 Agony                    Necr           #.......     100%        5    ######.
 Bolt of Draining         Conj/Necr      #.........   100%        5    ######.
 Dispel Undead            Necr           #.......     100%        5    ######.
 Excruciating Wounds      Chrm/Necr      #.........   100%        5    ######.
 Fireball                 Conj/Fire      #.........   100%        5    ######.
 Bolt of Fire             Conj/Fire      #.........   100%        6    #######
 Death Channel            Necr           #.........   100%        6    #######
 Hydra Form               Tmut           #.........   100%        6    #######
 Invisibility             Hex            #.......     100%        6    #######
 Iron Shot                Conj/Erth      #.........   100%        6    #######
 Shadow Creatures         Summ           N/A          100%        6    #######


Dungeon Overview and Level Annotations

Branches:
Dungeon (13/15)            Temple (0/1) D:5            Lair (5/6) D:8
  Swamp (0/4) Lair:4       Spider (0/4) Lair:3        Slime (0/5) Lair:5
    Orc (0/2) D:10
 Vaults: D:13-14

Altars:
Ashenzari
Sif Muna
Vehumet
Wu Jian
The Shining One
Beogh
Jiyva

Portals:
Trove: D:10 (give +4 storm dragon scales)

Annotations:
D:4 3 runed doors, bmj180's ghost, novice HuFi
Lair:1 exclusion: oklob plant
Lair:5 3 runed doors, Baril's ghost, journeyman GrEE


Innate Abilities, Weirdness & Mutations

You can walk on water.
You possess an exceptional clarity of mind.
You occasionally shout uncontrollably at your foes.
Your spells are a little harder to cast, but a little more powerful.


Message History

Your orc knight no longer looks unusually strong.
The eight-headed hydra bites you but does no damage. x2
The eight-headed hydra completely misses you.
The eight-headed hydra bites you!
* * * LOW HITPOINT WARNING * * *
The eight-headed hydra bites you but does no damage.
The eight-headed hydra bites you.
* * * LOW HITPOINT WARNING * * *
The eight-headed hydra bites you but does no damage.
The eight-headed hydra completely misses you.
The vampire hits you with a flail.
* * * LOW HITPOINT WARNING * * *
The vampire bites you but does no damage.
The tengu warrior barely misses you. x2; The tengu warrior claws you.
* * * LOW HITPOINT WARNING * * *
The eight-headed hydra bites you.
* * * LOW HITPOINT WARNING * * *
The eight-headed hydra bites you but does no damage. x3
The eight-headed hydra bites you!
You die...

.#..#..... ##...#.##
##..#.# #######.....##
########oo##.........
#.#.#.#o#.......##...
#p#.#.#####o####...#
#D#o#o###.o# ##..##
#@#Y###.o####oo.##
#Q#V#a#..###...#.#
#h#.#.##o## #<###.# #.#V#
#.#.####.# #.# #.#.#
##...(#.# #.# ######
#####....# #.#
#####.###.###(#.## #.#
##.....#..o....#..###.##
##........o....###.oo...#


You could see an eight-headed hydra, a vault guard, a tengu warrior, a vampire
(invisible), a howler monkey, 2 friendly orc knights, the friendly Borgoth the
orc high priest and a friendly orc wizard.

Vanquished Creatures
  Harold (D:7)
  A hydra (D:11)
  3 two-headed ogres
  A skeletal warrior (D:12)
  2 ugly things
  2 centaur skeletons (D:13)
  A spiny frog (Lair:1)
  A rime drake (Lair:5)
  A freezing wraith (D:12)
  A polar bear (Lair:5)
  A queen bee (Lair:3)
  2 trolls
  2 bog bodies (Lair:4)
  3 hippogriffs
  Sigmund (D:6)
  A shadow (D:12)
  A wraith (D:10)
  2 wyverns
  A vampire (D:12)
  2 yaks
  Eustachio (D:6)
  A steam dragon (D:13)
  3 swamp worms (Lair:4)
  Edmund (D:6)
  A soldier ant (D:12)
  A porcupine (Lair:5)
  2 water moccasins
  An eye of draining (D:12)
  3 orc warriors
  3 sky beasts
  A black bear (D:10)
  An ice beast (D:7)
  4 wolves
  4 ogres
  4 centaurs
  8 bullfrogs
  A scorpion (D:5)
  19 killer bees
  7 wights
  A howler monkey (D:4)
  2 electric eels
  2 centaur zombies
  3 crimson imps
  A bullfrog zombie (D:5)
  A quasit (D:5)
  6 hounds
  Crazy Yiuf (D:4)
  3 bullfrog skeletons (D:5)
  An orc priest (D:10)
  2 orc wizards
  2 worker ants
  A killer bee zombie (D:8)
  A hound skeleton (D:5)
  A worker ant zombie (D:5)
  7 gnolls
  A howler monkey skeleton (D:5)
  14 adders
  7 river rats (Sewer)
  2 shadow imps
  4 oozes
  3 adder skeletons (D:5)
  An adder zombie (D:5)
  4 worms
  2 dart slugs
  4 leopard geckos
  19 orcs
  11 ball pythons
  7 giant cockroaches
  4 goblins
  6 hobgoblins
  16 jackals
  9 kobolds
  A quokka (D:3)
  11 bats
  5 frilled lizards
  A jackal zombie (D:9)
  A quokka skeleton (D:5)
  27 rats
  A plant (Lair:3)
292 creatures vanquished.

Vanquished Creatures (collateral kills)
  Snorg (Lair:5)
  A yaktaur captain (D:12)
  3 hydras
  A centaur warrior (D:12)
  A catoblepas (Lair:2)
  2 two-headed ogres (D:11)
  2 deep elf magi (D:12)
  2 ugly things
  A manticore (D:12)
  4 cyclopes
  Joseph (Lair:1)
  Psyche (D:9)
  4 spiny frogs
  2 centaur skeletons
  2 rime drakes
  A komodo dragon (Lair:2)
  A queen bee (D:10)
  2 trolls
  A polar bear (Lair:5)
  4 hippogriffs
  2 redbacks (Lair:3)
  A spriggan (Lair:5)
  33 yaks
  A water elemental (D:11)
  2 wyverns (Lair:5)
  A basilisk (D:12)
  A hungry ghost (D:12)
  4 vampire mosquitoes (D:13)
  A swamp worm (Lair:4)
  A porcupine (Lair:2)
  An acid dragon (D:12)
  5 water moccasins
  3 orc warriors
  An ice beast (D:7)
  A sky beast (D:11)
  A black bear (Lair:5)
  A necrophage (D:13)
  2 phantoms
  7 wolves (Lair:5)
  An ogre (D:10)
  2 centaurs
  10 crocodiles
  14 bullfrogs
  2 wyvern zombies
  A water moccasin zombie (D:10)
  A scorpion (D:10)
  32 killer bees
  A wight (D:10)
  4 electric eels
  A bullfrog zombie (D:7)
  4 crimson imps
  2 quasits (D:10)
  A centaur zombie (D:11)
  An orc priest (D:9)
  4 hounds
  An orc wizard (D:9)
  2 bullfrog skeletons
  A gnoll shaman (D:7)
  An iguana (D:13)
  4 worker ants
  A gnoll (D:8)
  2 shadow imps
  2 leopard geckos
  5 orcs
  A ball python (D:7)
  A quokka (D:7)
  A bush (Lair:3)
  12 fungi
  7 plants
228 creatures vanquished.

Vanquished Creatures (others)
  An orc knight (D:11)
  4 orc warriors
  3 orc priests (D:8)
  3 orc wizards
  31 orcs
  4 fungi
46 creatures vanquished.

Grand Total: 566 creatures vanquished

Notes
Turn   | Place    | Note
-------+----------+-------------------------------------------
     0 | D:1      | Monzz the Hill Orc Monk began the quest for the Orb.
     0 | D:1      | Reached XP level 1. HP: 19/19 MP: 1/1
    22 | D:1      | Reached XP level 2. HP: 18/27 MP: 2/2
   209 | D:1      | Reached XP level 3. HP: 29/33 MP: 3/3
  1063 | D:2      | Reached skill level 5 in Axes
  1280 | D:2      | Reached XP level 4. HP: 30/41 MP: 4/4
  1691 | D:3      | Reached skill level 1 in Armour
  1722 | D:3      | Reached XP level 5. HP: 41/47 MP: 5/5
  1764 | D:3      | Reached skill level 6 in Axes
  2155 | D:3      | Became a worshipper of Beogh the Brigand
  2155 | D:3      | Reached * piety under Beogh
  2155 | D:3      | Reached ** piety under Beogh
  2250 | D:4      | Noticed an ogre
  2262 | D:4      | Killed an ogre
  2262 | D:4      | Reached XP level 6. HP: 52/55 MP: 6/6
  2305 | D:4      | Found a runed gate.
  2317 | D:4      | Noticed bmj180's ghost (novice HuFi)
  2352 | D:4      | Found a runed gate.
  2392 | D:4      | Found a runed gate.
  2545 | D:4      | Reached skill level 5 in Fighting
  2545 | D:4      | Reached skill level 7 in Axes
  2732 | D:4      | Found a runed door.
  2736 | D:4      | Noticed Crazy Yiuf
  2743 | D:4      | Killed Crazy Yiuf
  2743 | D:4      | Reached XP level 7. HP: 33/61 MP: 7/7
  3002 | D:5      | Entered Level 5 of the Dungeon
  3042 | D:5      | Reached skill level 8 in Axes
  3147 | D:5      | Found a glowing drain.
  3164 | Sewer    | Entered a sewer
  3201 | Sewer    | Reached *** piety under Beogh
  3448 | Sewer    | Reached XP level 8. HP: 39/70 MP: 8/8
  3448 | Sewer    | Reached skill level 9 in Axes
  3822 | D:5      | Found a staircase to the Ecumenical Temple.
  3912 | D:5      | Reached **** piety under Beogh
  4009 | D:5      | Reached skill level 10 in Axes
  4653 | D:6      | Found an ornate altar of the Wu Jian Council.
  4657 | D:6      | Noticed Edmund
  4672 | D:6      | Killed Edmund
  4761 | D:6      | Noticed a hippogriff
  4769 | D:6      | Killed a hippogriff
  4769 | D:6      | Reached skill level 5 in Armour
  4769 | D:6      | Reached skill level 1 in Evocations
  4769 | D:6      | Reached XP level 9. HP: 68/78 MP: 9/9
  4842 | D:6      | Reached skill level 11 in Axes
  4886 | D:6      | Noticed Eustachio
  4902 | D:6      | Killed Eustachio
  5024 | D:6      | Noticed Sigmund
  5041 | D:6      | Killed Sigmund
  5285 | D:7      | Found a radiant altar of Vehumet.
  5598 | D:7      | Noticed Harold
  5607 | D:7      | Killed Harold
  5607 | D:7      | Reached skill level 12 in Axes
  5940 | D:8      | Noticed a troll
  5962 | D:8      | Gained Norbak as an ally
  5965 | D:8      | Reached XP level 10. HP: 29/88 MP: 9/11
  5966 | D:8      | Your ally Norbak died
  6030 | D:8      | Found a staircase to the Lair.
  6067 | D:8      | Reached skill level 13 in Axes
  6284 | D:8      | Noticed an eight-headed hydra
  6293 | D:8      | Found a glowing golden altar of the Shining One.
  6298 | D:8      | Killed an eight-headed hydra
  6730 | D:8      | Found a deep blue altar of Sif Muna.
  7072 | D:9      | Reached skill level 1 in Maces & Flails
  7562 | D:9      | Reached ***** piety under Beogh
  7680 | D:9      | Noticed Psyche
  7689 | D:9      | Killed Psyche
  8106 | D:9      | Noticed a two-headed ogre
  8115 | D:9      | Killed a two-headed ogre
  8115 | D:9      | Reached XP level 11. HP: 94/97 MP: 12/12
  8294 | D:10     | Entered Level 10 of the Dungeon
  8303 | D:10     | Reached skill level 14 in Axes
  8341 | D:10     | Reached skill level 5 in Dodging
  8660 | D:10     | Found a portal to a secret trove of treasure.
  8680 | D:10     | Found a staircase to the Orcish Mines.
  8693 | D:10     | Found a roughly hewn altar of Beogh.
  9054 | D:10     | Reached skill level 10 in Fighting
  9466 | D:11     | Noticed a cyclops
  9483 | D:11     | Killed a cyclops
  9521 | D:11     | Noticed a two-headed ogre
  9523 | D:11     | Noticed a green ugly thing
  9526 | D:11     | Killed a two-headed ogre
  9530 | D:11     | Killed a green ugly thing
  9716 | D:11     | Noticed a five-headed hydra
  9716 | D:11     | Noticed a green ugly thing
  9729 | D:11     | Killed a five-headed hydra
  9731 | D:11     | Killed a green ugly thing
  9772 | D:11     | Noticed a two-headed ogre
  9778 | D:11     | Killed a two-headed ogre
 10140 | D:11     | Noticed a cyclops
 10149 | D:11     | Killed a cyclops
 10149 | D:11     | Reached skill level 15 in Axes
 10309 | Lair:1   | Entered Level 1 of the Lair of Beasts
 10453 | Lair:1   | Noticed an oklob plant
 10574 | Lair:1   | Noticed Joseph
 10577 | Lair:1   | Killed Joseph
 10600 | Lair:1   | Gained Boghold as an ally
 10648 | Lair:1   | Gained Borgoth as an ally
 11144 | Lair:2   | Noticed a catoblepas
 11148 | Lair:2   | Killed a catoblepas
 11148 | Lair:2   | Reached skill level 10 in Armour
 11148 | Lair:2   | Reached XP level 12. HP: 105/110 MP: 13/13
 11851 | Lair:3   | Found a hole to the Spider Nest.
 12101 | Lair:3   | Reached ****** piety under Beogh
 12557 | Lair:3   | Gained Zartorak as an ally
 13013 | D:12     | Noticed a centaur warrior
 13021 | D:12     | Killed a centaur warrior
 13021 | D:12     | Reached skill level 1 in Invocations
 13048 | D:12     | Noticed a yaktaur captain
 13059 | D:12     | HP: 5/110 [yaktaur captain/bolt (7)]
 13063 | D:12     | Killed a yaktaur captain
 13612 | D:12     | Identified Spellcraft, Part Six
 13637 | D:12     | Noticed a two-headed ogre
 13643 | D:12     | Killed a two-headed ogre
 13809 | D:12     | Gained mutation: You are dopey. (Int -2) [potion of
                  | mutation]
 13809 | D:12     | Gained mutation: Your flesh is cold resistant. (rC+)
                  | [potion of mutation]
 13809 | D:12     | Gained mutation: You are agile. (Dex +2) [potion of
                  | mutation]
 13810 | D:12     | Lost mutation: You are agile. (Dex +2) [potion of mutation]
 13810 | D:12     | Gained mutation: Your muscles are strong. (Str +2) [potion
                  | of mutation]
 14373 | Lair:4   | Found a staircase to the Swamp.
 14493 | Lair:4   | Noticed a six-headed hydra
 14501 | Lair:4   | Killed a six-headed hydra
 14715 | Lair:4   | Reached skill level 16 in Axes
 14718 | Lair:4   | Reached XP level 13. HP: 118/118 MP: 15/15
 15276 | Lair:5   | Found a viscous altar of Jiyva.
 15277 | Lair:5   | Found a staircase to the Slime Pits.
 15298 | Lair:5   | Noticed Snorg
 15306 | Lair:5   | Killed Snorg
 15499 | Lair:5   | Found a runed gate.
 15500 | Lair:5   | Found a shattered altar of Ashenzari.
 15501 | Lair:5   | Found a runed gate.
 15502 | Lair:5   | Found a runed gate.
 15505 | Lair:5   | Noticed Baril's ghost (journeyman GrEE)
 15703 | Lair:5   | Got a sparkling lead amulet
 15705 | Lair:5   | Identified the amulet of Fajoexeshoa {Gourm *Slow rElec
                  | rF++ SInv} (You found it on level 5 of the Lair of Beasts)
 16661 | D:13     | Lost mutation: Your muscles are strong. (Str +2) [potion of
                  | mutation]
 16661 | D:13     | Lost mutation: You are dopey. (Int -2) [potion of mutation]
 16661 | D:13     | Lost mutation: Your flesh is cold resistant. (rC+) [potion
                  | of mutation]
 16661 | D:13     | Gained mutation: You possess an exceptional clarity of
                  | mind. [potion of mutation]
 16661 | D:13     | Gained mutation: You occasionally shout uncontrollably at
                  | your foes. [potion of mutation]
 16661 | D:13     | Gained mutation: Your spells are a little harder to cast,
                  | but a little more powerful. [potion of mutation]
 16820 | D:13     | Found a flagged portal.
 16829 | Bailey   | Entered a bailey
 17014 | D:13     | HP: 3/119 [eight-headed hydra (5)]
 17014 | D:13     | Slain by an eight-headed hydra

Skill      XL: |  1  2  3  4  5  6  7  8  9 10 11 12 13 |
---------------+----------------------------------------+-----
Fighting       | 4 5 6 8 9 11 12 | 12.6
Axes           | 5 6 7 8 10 12 13 15 16 | 16.2
Armour         | 1 3 4 5 6 8 10 12 13 | 13.4
Dodging        | 3 4 5 |  5.9
Stealth        | 2 3 |  3.6
Evocations     | 1 2 3 |  3.2
Maces & Flails | 2 |  2.0
Invocations    | 1 3 |  3.1

Action                   |  1- 3 |  4- 6 |  7- 9 | 10-12 | 13-15 || total
-------------------------+-------+-------+-------+-------+-------++-------
Melee: Hand axe          |   140 |   244 |    33 |       |       ||   417
       War axe           |       |       |   302 |   273 |    80 ||   655
       Dire flail        |       |       |       |    25 |       ||    25
       Flail             |       |       |       |    24 |    10 ||    34
Throw: Stone             |       |       |     1 |       |       ||     1
Invok: Convert to Beogh  |       |     1 |       |       |       ||     1
       Recall Orcish Fol |       |       |       |     5 |     2 ||     7
       Give Item to Name |       |       |       |     2 |       ||     2
Evoke: Wand              |       |     5 |    10 |    10 |     5 ||    30
  Use: Scroll            |     6 |     4 |    12 |    15 |     5 ||    42
       Potion            |       |       |     7 |    13 |     1 ||    21
 Stab: Sleeping          |     1 |       |       |       |       ||     1
       Distracted        |       |       |     2 |     2 |     4 ||     8
  Eat: Ration            |       |     1 |     2 |     3 |       ||     6
       Chunk             |       |     2 |     5 |    19 |    20 ||    46
Armor: Robe              |     3 |       |       |       |       ||     3
       Scale mail        |    61 |   115 |   215 |   135 |       ||   526
       Plate armour      |       |       |       |   140 |   145 ||   285
Dodge: Dodged            |    74 |   117 |   267 |   402 |   133 ||   993
